Cogmind - Beta 16 @@@ ROGUE MODE // 2026.01.06 @ 20:09:56 Player: Sanae Result: Destroyed by S-27 Virus with Autogun Performance ------------- Evolutions (3) 1500 Regions Visited (6) 1200 Robots Destroyed (10) 50 Value Destroyed (70) 70 Prototype IDs (1) 20 Alien Tech Used (0) 0 Bonus (300) 300 TOTAL SCORE: 3140 Bonus ------- Aligned with FarCom 300 Cogmind --------- Core Integrity 0/700 Matter 81/300 Energy 99/100 System Corruption 6% Temperature Hot (294) Movement Core (50) Location -7/Factory Parts ------- > --- POWER (2) -------- (None) > --- PROPULSION (5) --- (None) > --- UTILITY (4) ------ (None) > --- WEAPON (2) ------- (None) > --- INVENTORY (5) ---- Medium Laser Medium Laser Heavy Particle Cannon Grenade Launcher Peak State ------------ > --- POWER ------------ Ion Engine Ion Engine > --- PROPULSION ------- Aluminum Leg Aluminum Leg Improved Carbon-fiber Leg Potential Leg Potential Leg > --- UTILITY ---------- Improved Heat Sink Improved Heat Sink Small Storage Unit Advanced ECM Suite > --- WEAPON ----------- Medium Laser Minigun > --- INVENTORY -------- Medium Laser Heavy Particle Cannon Grenade Launcher Mining Laser [Rating: 43] Favorites ----------- Power Ion Engine Engine Ion Engine Propulsion Aluminum Leg Leg Aluminum Leg Utility Small Storage Unit Device Improved Heat Sink Storage Small Storage Unit Weapon Medium Laser Energy Gun Medium Laser Ballistic Gun Minigun Special Weapon Mining Laser Build | -11 -10 -10 -10 -9 -8 -7 ------- Run | Yrd Mat Min Exi Min Mat Fac Slots Evolved 6 | . . . . . 4 2 Power 1 | . . . . . . 1 Propulsion 3 | . . . . . 2 1 Utility 2 | . . . . . 2 . Weapon . | . . . . . . . Parts Attached 15 | 6 1 . 2 . 2 4 Power 2 | 1 . . . . . 1 Engine 2 | 1 . . . . . 1 Core . | . . . . . . . Reactor . | . . . . . . . Propulsion 5 | 2 . . 2 . . 1 Treads . | . . . . . . . Leg 5 | 2 . . 2 . . 1 Wheel . | . . . . . . . Hover . | . . . . . . . Flight . | . . . . . . . Utility 4 | 1 . . . . 1 2 Device 3 | . . . . . 1 2 Storage 1 | 1 . . . . . . Processor . | . . . . . . . Hackware . | . . . . . . . Protection . | . . . . . . . Artifact . | . . . . . . . Weapon 4 | 2 1 . . . 1 . Energy Gun 2 | 2 . . . . . . Energy Cannon . | . . . . . . . Ballistic Gun 1 | . . . . . 1 . Ballistic Cannon . | . . . . . . . Launcher . | . . . . . . . Special Weapon 1 | . 1 . . . . . Impact Weapon . | . . . . . . . Slashing Weapon . | . . . . . . . Piercing Weapon . | . . . . . . . Special Melee Weapon . | . . . . . . . Unidentified Prototypes 1 | . . . 1 . . . Parts Lost . | . . . . . . . Power . | . . . . . . . Propulsion . | . . . . . . . Utility . | . . . . . . . Weapon . | . . . . . . . Highest Loss Streak . | . . . . . . . To Critical Strikes . | . . . . . . . Average Backups 6 | 3 5 6 6 8 8 4 Power . | . 1 1 1 1 1 . Propulsion 2 | 1 2 2 2 4 3 . Utility . | . . . . . . . Weapon 2 | . 2 3 3 3 3 4 Tool/Special . | . . . . . . . Unused Backups 5 | . . . . . 3 2 Power . | . . . . . . . Propulsion 2 | . . . . . 2 . Utility . | . . . . . . . Weapon 3 | . . . . . 1 2 Tool/Special . | . . . . . . . Average Slot Usage (%) 77 | . 85 85 85 85 60 69 Engine 12 | . 14 14 14 14 8 9 Leg 25 | . 28 28 28 28 18 26 Device 3 | . . . . . 6 14 Storage 11 | . 14 14 14 14 9 5 Energy Gun 11 | . 18 14 14 14 5 5 Ballistic Gun 2 | . . . . . 7 5 Special Weapon 9 | . 9 14 14 14 6 . Peak Build Rating 43 | 6 6 6 24 24 30 43 Average Rating 15 | 5 6 6 10 24 28 29 On Entrance 13 | . 6 6 6 24 24 30 Avg Prop Armor Cover (%) . | . . . . . . . Naked Turns 65 | . . . . . . 65 Heaviest Build 25 | 14 14 13 13 13 16 25 Greatest Support 98 | 20 20 20 60 60 60 98 Greatest Overweight (x) . | . . . . . . . Average Overweight (x) . | . . . . . . . Largest Inventory Capacity 8 | 8 8 8 8 8 8 8 Average Capacity 7 | 7 8 8 8 8 8 7 Most Carried 8 | 5 6 6 8 8 8 7 Average Carried 6 | 3 5 6 6 8 7 4 Final Capacity 8 | 8 8 8 8 8 8 5 Final Carried 8 | 4 6 6 8 8 8 4 Class Distribution -------------------- 100% | Mutant Dominant Class ---------------- Mutant | -10/Materials Mutant | -10/Mines Mutant | -10/Exiles Mutant | -9/Mines Mutant | -8/Materials Mutant | -7/Factory Resources | -11 -10 -10 -10 -9 -8 -7 ----------- Run | Yrd Mat Min Exi Min Mat Fac Matter Collected 270 | 260 . . . . 10 . Remotely . | . . . . . . . Salvage Created 252 | 242 . . . . 10 . Parts 15 | 15 . . . . . . Haulers Intercepted . | . . . . . . . Recyclers Shooed . | . . . . . . . Parts Field Recycled . | . . . . . . . Retrieved Matter . | . . . . . . . Parts Self-Destructed . | . . . . . . . Prevented . | . . . . . . . Parts Restored . | . . . . . . . Kills | -11 -10 -10 -10 -9 -8 -7 ------- Run | Yrd Mat Min Exi Min Mat Fac Combat Hostiles Destroyed 1 | . . . . . 1 . Guns 1 | . . . . . 1 . Classes Destroyed 4 | 3 . . . . 1 . Worker 2 | 2 . . . . . . Tunneler 6 | 6 . . . . . . Recycler 1 | 1 . . . . . . Swarmer 1 | . . . . . 1 . Best Kill Streak 5 | 5 . . . . 1 . Combat Bots Only 1 | . . . . . 1 . Max Kills in Single Turn 1 | 1 . . . . 1 . Gunslinging . | . . . . . . . Exploded . | . . . . . . . Melee . | . . . . . . . Uniques/NPCs Destroyed . | . . . . . . . Combat | -11 -10 -10 -10 -9 -8 -7 -------- Run | Yrd Mat Min Exi Min Mat Fac Hostile Shots Fired 141 | . . . . . 42 99 Missed 56 | . . . . . 14 42 Hits 85 | . . . . . 28 57 Projectile 85 | . . . . . 28 57 Critical Strikes 2 | . . . . . 1 1 Damage Taken 1177 | . . . . . 373 804 Core 779 | . . . . . 75 704 Absorbed by Shields . | . . . . . . . Regen/Repaired (Parts) 17 | . . . . . 17 . Core Remaining (%) 95 | 100 . . . 100 86 . Volleys Fired 42 | 15 7 . . . 19 1 Largest 2 | 2 1 . . . 2 1 Hottest 100 | 100 100 . . . 100 100 Shots Fired 67 | 29 7 . . . 30 1 Gun 51 | 29 . . . . 22 . Cannon . | . . . . . . . Launcher . | . . . . . . . Special 16 | . 7 . . . 8 1 Kinetic 11 | . . . . . 11 . Thermal 56 | 29 7 . . . 19 1 Explosive . | . . . . . . . Electromagnetic . | . . . . . . . Robot Hit Streak 8 | 7 . . . . 8 . Robot Miss Streak 6 | 6 2 . . . 3 . Penetration Max . | . . . . . . . Secondary Targets . | . . . . . . . Shots Hit Robots 31 | 15 . . . . 16 . Core Hits 13 | 10 . . . . 3 . Critical Kills . | . . . . . . . Critical Parts Destroyed . | . . . . . . . Critical Strikes 3 | 2 . . . . 1 . Burn 3 | 2 . . . . 1 . Melee Attacks . | . . . . . . . Impact . | . . . . . . . Slashing . | . . . . . . . Piercing . | . . . . . . . Sneak Attacks . | . . . . . . . Combat Hostiles . | . . . . . . . Follow-up Attacks . | . . . . . . . Damage Inflicted 439 | 202 . . . . 237 . Guns 439 | 202 . . . . 237 . Cannons . | . . . . . . . Explosions . | . . . . . . . Melee . | . . . . . . . Ramming . | . . . . . . . Kinetic 123 | . . . . . 123 . Thermal 316 | 202 . . . . 114 . Explosive . | . . . . . . . Electromagnetic . | . . . . . . . Impact . | . . . . . . . Slashing . | . . . . . . . Piercing . | . . . . . . . Highest Corruption 6 | . . . . . . 6 Average Corruption 4 | . . . . . . 4 Corruption Purged . | . . . . . . . Corruption Blocked . | . . . . . . . Effects 2 | . . . . . . 2 Heat Flow Errors 1 | . . . . . . 1 Data Loss (major) 1 | . . . . . . 1 Overload Shots . | . . . . . . . Overflow Damage . | . . . . . . . Projectiles . | . . . . . . . Explosions . | . . . . . . . Melee . | . . . . . . . Knockbacks . | . . . . . . . Impact . | . . . . . . . Kinetic . | . . . . . . . Secondary . | . . . . . . . Self-Inflicted Damage . | . . . . . . . Shots . | . . . . . . . Rammed 1 | . . . . . . 1 Targets Rammed 1 | . . . . . . 1 Kicked . | . . . . . . . Crushed . | . . . . . . . Highest Temperature 141 | 141 42 . . . 24 . Average Temperature 30 | 41 16 . . . 5 . Received Heat Transfer 162 | . . . . . 162 . Siege Activations . | . . . . . . . Martial Activations . | . . . . . . . Shielding Activations . | . . . . . . . Robots Disrupted . | . . . . . . . Combat Hostiles . | . . . . . . . Robots Corrupted . | . . . . . . . Combat Hostiles . | . . . . . . . Parts Fried . | . . . . . . . Impact Corruptions . | . . . . . . . Robots Melted . | . . . . . . . Combat Hostiles . | . . . . . . . Parts Melted 1 | . . . . . 1 . Heat Transferred 1147 | 740 . . . . 407 . Parts Sabotaged . | . . . . . . . Parts Stolen . | . . . . . . . Parts Stripped . | . . . . . . . Power Chain Reactions . | . . . . . . . Alert | -11 -10 -10 -10 -9 -8 -7 ------- Run | Yrd Mat Min Exi Min Mat Fac Maximum Alert Level . | . . . . . . . Low Security (%) 100 | 100 100 100 . 100 100 100 Level 1 . | . . . . . . . Level 2 . | . . . . . . . Level 3 . | . . . . . . . Level 4 . | . . . . . . . Level 5 . | . . . . . . . High Security . | . . . . . . . Max Security . | . . . . . . . Peak Influence 66 | 10 15 . . . 66 29 Initial 29 | . 3 . . . . 29 Average 5 | 2 3 . . . 10 7 Influence Increases 258 | 45 23 . . . 145 45 Destroy 0b10 Robot/C 20 | . . . . . 20 . Destroy 0b10 Robot/NC 45 | 45 . . . . . . Destroy Leader 10 | . . . . . 10 . Successful Hack 23 | . 5 . . . 18 . Disable Machine 15 | . 15 . . . . . Destroy Structure 10 | . 3 . . . 7 . Lose Combat Pursuer 135 | . . . . . 90 45 Influence Decreases 243 | 40 28 . . . 79 96 Entered New Map 39 | . 2 . . . . 37 Time Decay 204 | 40 26 . . . 79 59 Squads Dispatched 1 | . . . . . 1 . Investigation . | . . . . . . . Extermination . | . . . . . . . Reinforcement 1 | . . . . . 1 . Assault . | . . . . . . . Garrison . | . . . . . . . Intercept . | . . . . . . . Searches Triggered . | . . . . . . . Construction Impeded . | . . . . . . . Haulers Reinforced . | . . . . . . . Active Scanning Responses . | . . . . . . . Cargo Convoy Interrupts . | . . . . . . . Stealth | -11 -10 -10 -10 -9 -8 -7 --------- Run | Yrd Mat Min Exi Min Mat Fac Distress Signals 2 | . . . . . 1 1 Communications Jammed . | . . . . . . . Distress Signals . | . . . . . . . Times Spotted 44 | . 1 21 . . 11 11 Peak Tracking Total 20 | . 1 20 . . 8 9 Tactical Retreats 6 | . . 1 . . 3 2 Traps | -11 -10 -10 -10 -9 -8 -7 ------- Run | Yrd Mat Min Exi Min Mat Fac Traps Triggered 1 | . . . . . . 1 Indirectly . | . . . . . . . Trap Hack Attempts . | . . . . . . . Triggered . | . . . . . . . Disarmed . | . . . . . . . Reprogrammed . | . . . . . . . Reused . | . . . . . . . Traps Extracted . | . . . . . . . Installed . | . . . . . . . Triggered . | . . . . . . . Machines | -11 -10 -10 -10 -9 -8 -7 ---------- Run | Yrd Mat Min Exi Min Mat Fac Machines Disabled 1 | . 1 . . . . . Max in Single Turn 1 | . 1 . . . . . Garrison Access 1 | . . . . . . 1 Machines Repaired . | . . . . . . . Machines Dismantled . | . . . . . . . Machines Sabotaged . | . . . . . . . Overloaded Fab Kills . | . . . . . . . Hacking | -11 -10 -10 -10 -9 -8 -7 --------- Run | Yrd Mat Min Exi Min Mat Fac Machines Accessed 9 | . 1 . 4 . 2 2 Terminals 2 | . 1 . . . 1 . Fabricators 1 | . . . . . . 1 Repair Stations 1 | . . . . . 1 . Recycling Units . | . . . . . . . Scanalyzers . | . . . . . . . Garrison Access 1 | . . . . . . 1 Total Hacks 57 | . 2 . 49 . 4 2 Successful 54 | . 1 . 49 . 3 1 Failed 3 | . 1 . . . 1 1 Catastrophic . | . . . . . . . Database Lockouts . | . . . . . . . Manual 7 | . . . 4 . 1 2 Terminals 4 | . 2 . . . 2 . Fabricators 1 | . . . . . . 1 Repair Stations 2 | . . . . . 2 . Recycling Units . | . . . . . . . Scanalyzers . | . . . . . . . Garrison Access 1 | . . . . . . 1 Terminal Hacks 51 | . 1 . 49 . 1 . Record 49 | . . . 49 . . . Zone Layout 2 | . 1 . . . 1 . Fabricator Hacks . | . . . . . . . Repair Station Hacks 2 | . . . . . 2 . Scan Component 1 | . . . . . 1 . Repair 1 | . . . . . 1 . Recycling Unit Hacks . | . . . . . . . Scanalyzer . | . . . . . . . Garrison Access Hacks 1 | . . . . . . 1 Seal Access 1 | . . . . . . 1 Unauthorized Hacks . | . . . . . . . Terminals . | . . . . . . . Fabricators . | . . . . . . . Repair Stations . | . . . . . . . Recycling Units . | . . . . . . . Scanalyzers . | . . . . . . . Garrison Access . | . . . . . . . Data Cores Recovered . | . . . . . . . Used . | . . . . . . . Hacking Detections 4 | . 1 . . . 2 1 Full Trace Events . | . . . . . . . Feedback Events . | . . . . . . . Feedback Blocked . | . . . . . . . Robot Schematics Acquired . | . . . . . . . Robots Built . | . . . . . . . Authchips . | . . . . . . . Time . | . . . . . . . Total Robot Build Rating . | . . . . . . . Part Schematics Acquired . | . . . . . . . Parts Built . | . . . . . . . Authchips . | . . . . . . . Time . | . . . . . . . Total Part Build Rating . | . . . . . . . Part Studies Acquired . | . . . . . . . Parts Repaired 1 | . . . . . 1 . Time 13 | . . . . . 13 . Parts Recycled . | . . . . . . . Recycled Matter . | . . . . . . . Retrieved Matter . | . . . . . . . Retrieved Components . | . . . . . . . Parts Scanalyzed . | . . . . . . . Part Schematics Acquired . | . . . . . . . Parts Damaged . | . . . . . . . Bothacking | -11 -10 -10 -10 -9 -8 -7 ------------ Run | Yrd Mat Min Exi Min Mat Fac Used RIF Installer . | . . . . . . . Robots Hacked . | . . . . . . . Non-combat . | . . . . . . . Combat . | . . . . . . . Robot Hacks Applied . | . . . . . . . Relay Couplers Released . | . . . . . . . Fabnet Peak Effective % . | . . . . . . . Robots Rewired . | . . . . . . . Allies Hacked . | . . . . . . . Hacks Repelled . | . . . . . . . Allies | -11 -10 -10 -10 -9 -8 -7 -------- Run | Yrd Mat Min Exi Min Mat Fac Total Allies . | . . . . . . . Largest Group . | . . . . . . . Highest-Rated Group . | . . . . . . . Highest-Rated Ally . | . . . . . . . Total Orders . | . . . . . . . Ally Attacks . | . . . . . . . Total Damage . | . . . . . . . Kills . | . . . . . . . Allies Corrupted . | . . . . . . . Allies Melted . | . . . . . . . Intel | -11 -10 -10 -10 -9 -8 -7 ------- Run | Yrd Mat Min Exi Min Mat Fac Active Infowar (turns) 2 | . . . . . . 2 ECM 2 | . . . . . . 2 Robot Analysis Total . | . . . . . . . Derelict Logs Recovered 1 | . . . . 1 . . Drone Launches . | . . . . . . . Drone Recoveries . | . . . . . . . Exploration | -11 -10 -10 -10 -9 -8 -7 ------------- Run | Yrd Mat Min Exi Min Mat Fac Turns Passed 1927 | 208 142 75 778 112 348 264 Spaces Moved 1622 | 128 93 62 692 110 236 301 Core 132 | 4 . . . . . 128 Treads . | . . . . . . . Legs 1490 | 124 93 62 692 110 236 173 Wheels . | . . . . . . . Hover . | . . . . . . . Flight . | . . . . . . . Fastest Speed 50 | 50 120 120 90 90 90 50 Average Speed 102 | 117 120 120 111 90 90 82 Slowest Speed 120 | 120 120 120 120 90 90 108 Overloaded Moves . | . . . . . . . Propulsion Burnouts . | . . . . . . . Robots Hopped . | . . . . . . . Potential Cave-ins . | . . . . . . . Cave-ins Triggered . | . . . . . . . Exploration Rate (%) 28 | 6 24 8 92 27 28 13 Regions Visited 6 Branch Regions 3 Pre-discovered Areas 2 | . . 1 1 . . . Known Exits Taken . | . . . . . . . Unknown Exits Taken 6 | 1 1 1 1 1 1 . Scrap Searched . | . . . . . . . Spaces Dug 7 | . 1 . . . 6 . Terrain Destroyed 10 | . 3 . . . 7 . Melee . | . . . . . . . Projectile 10 | . 3 . . . 7 . AOE . | . . . . . . . Terrain Rammed . | . . . . . . . Walls Destroyed . | . . . . . . . Machines Disabled . | . . . . . . . Actions | -11 -10 -10 -10 -9 -8 -7 --------- Run | Yrd Mat Min Exi Min Mat Fac Total 1771 | 153 102 62 695 122 326 311 Wait 72 | . . 1 . 13 58 . Move 1616 | 127 92 61 691 109 235 301 Hop . | . . . . . . . Pick Up 12 | 5 2 . 2 . 3 . Fast Attach 10 | 5 . . . . 2 3 Attach 5 | 1 . . . . . 4 Detach . | . . . . . . . Swap 10 | . 1 . 2 . 6 1 Drop 3 | . . . . . 3 . Fire 42 | 15 7 . . . 19 1 Melee . | . . . . . . . Ram 1 | . . . . . . 1 Kick . | . . . . . . . Crush . | . . . . . . . Escape Stasis . | . . . . . . . Rewire . | . . . . . . . Trap . | . . . . . . . Miscellaneous . | . . . . . . . Route ------- -11/Scrapyard -10/Materials -10/Mines -10/Exiles (discovered 2 exits: [*Min x2]) -9/Mines -8/Materials -7/Factory History --------- Turn | Location | Event 5 | -11/Scrapyard | Discovered new exit (range 15) 209 | -11/Scrapyard | Entered Materials 309 | -10/Materials | Build established: Mutant 333 | -10/Materials | Discovered new exit (range 16) 351 | -10/Materials | Entered Mines 352 | -10/Mines | Learned location of Storage (-9) 374 | -10/Mines | Assembled infested the area 379 | -10/Mines | Assisted by a Guerilla fighting off Assembled 420 | -10/Mines | Deemed a non-threat by the Exiles lab entrance 421 | -10/Mines | Discovered new exit (range 5) 426 | -10/Mines | Entered Exiles 448 | -10/Exiles | Discovered new exit (range 14) 473 | -10/Exiles | Met 8R-AWN 494 | -10/Exiles | Met EX-HEX 563 | -10/Exiles | Met EX-DEC 600 | -10/Exiles | Visited The Gauntlet 742 | -10/Exiles | Learned location of Zion (-6) 778 | -10/Exiles | Discovered new exit (range 14) 872 | -10/Exiles | Met EX-BIN 980 | -10/Exiles | Aligned with FarCom system 981 | -10/Exiles | Given EX-Vault access code 1020 | -10/Exiles | Opened EX-Vault 1026 | -10/Exiles | Found Prototype Leg 1027 | -10/Exiles | Identified Potential Leg 1030 | -10/Exiles | Found Potential Leg 1063 | -10/Exiles | Warned to stay clear of 0b10 Research branches 1204 | -10/Exiles | Left Exiles lab with Potential Leg 1204 | -10/Exiles | Entered Mines 1230 | -9/Mines | Learned Materials non-interactive machine intel 1305 | -9/Mines | Discovered new exit (range 13) 1316 | -9/Mines | Entered Materials 1316 | -8/Materials | Evolved 4 slots: Propulsion x2, Utility x2 1317 | -8/Materials | Loaded intel: 32 non-interactive machine locations 1508 | -8/Materials | Repaired Ion Engine 1653 | -8/Materials | Discovered new exit (range 11) 1664 | -8/Materials | Entered Factory 1664 | -7/Factory | Evolved 2 slots: Power x1, Propulsion x1 1863 | -7/Factory | Released all parts (12) 1885 | -7/Factory | Core integrity fell below 50% 1906 | -7/Factory | Core integrity fell below 20% 1928 | -7/Factory | Destroyed by S-27 Virus with Autogun Last Messages --------------- K-01 Serf collects debris. W-25 Informer sends out distress signal. Slug penetrates Wall. Released Imp. Carbon-fiber Leg. Released Imp. Heat Sink. Released Potential Leg. Released Sml. Storage Unit. Released Potential Leg. Released Ion Engine. Released Aluminum Leg. Released Imp. Heat Sink. Released Adv. ECM Suite. Released Minigun. Released Mining Laser. Slug penetrates Wall. Slammed into S-27 Virus. System corrupted: Substantial component data lost. K-01 Serf cleans the Nuclear Reactor. System corrupted: Heat flow error (+294). Map ----- +----------------------------------------------------+ | ?????????????????????????????????????????????????? | | ?????????????????????????????????????????????????? | | ?????????????????????????????????????????????????? | | ?????????????????????????????????????????????????? | | ?????????????????????????????????????????????????? | | ?????????????????????????????????????????????"???? | | ????????????????????????????????????????????"" ??? | | ???????????????????????????????????????????? ?? | | ????????????????????????????????????????????"" ?? | | ??????????????????????????????????????????"""" ## | | ??????????????????????????????????????????"""" | | ??????????????????????????????????????????? | | ???????????????????????????????????????????""" | | ??????????????????????????????????????????"""" | | ??????????????????????????????????????? """" | | ??????????????????????????????????????? | | ????????????????????????????????????? """" | | ????????????????????????????????????? """" | | ???????????????????????????????????? """" | | ????????????????????g??????????????? | | ??????????????????????????????????? | | ???????????????????w??????????????? | | ?????????????????????####+###?????????##### | | ?????????????????????# #?????????????# | | ?????????????????????# #?????????????# | | ?????????????????????# @ #?????????????# | | ?????????????????????# ]#?????????????# | | ?????????????????????# #?????????????# | | ?????????????????????# #?????????????# | | ?????????????????????# !!]#?????????????# | | ?????????????????????# !!]#?????????????# | | ?????????????????????# !!]#?????????????# | | ?????????????????????# s#?????????????# ## | | ?????????????????????# ss#?????????????# #? | | ?????????????????????# s ############### #? | | ?????????????????????# + p #? | | ?????????????????????# ######### #######/#### | | ?????????????????????########???????# # | | ????????????????????????????????????# # """ """ | | ????????????????????????????????????# # """ """ | | ????????????????????????????????????# # """ """ | | ????????????????????????????????????# # | | ????????????????????????????????????# # """ """ | | ??????????????????????????????#+##### # """ """ | | ??????????????????????? + """ """ | | ??????????????????????? ##### | | ??????????????????????????????????????# "Y" | | ??????????????????????????????????????# """ | | ??????????????????????????????????????# | | ??????????????????????????????????????############ | +----------------------------------------------------+ Best States ------------- Heat Dissipation 62 Energy Generation 15 Energy Capacity 400 Matter Stores 300 Matter Capacity 300 Sight Range 16 Terrain Scan Density 10 Evasion (%) 57 Item Schematics ----------------- None Robot Schematics ------------------ None Fabricated ------------ Nothing Repaired ---------- Ion Engine | 71% | -8/Materials Studied --------- None Alien Tech Used ----------------- None Achievements -------------- Hunted Librarian Sixth Sense Slippery One Sprinter Throw Away The Key Challenges ------------ None Game ------ Seed ServoReflectiveStreamer Manual? 0 Play Time 00:30:07 Cumulative 4.7 hours Start 2026.01.05 @ 19:07:41 End 2026.01.06 @ 20:09:56 Sessions 2 Manual Loads 0 Difficulty Rogue Special Mode None Game No. 8 Rogue 8 Adventurer 0 Explorer 0 Win Type - Total 0 Types 0/0/0/0/0/0/0/0/0/0 Lore% 8 Gallery% 8 Achievement% 11 Wizard Run 0 Options --------- Layout 1 ASCII 0 Keyboard 0 Movement Mouse Keybinds 0 Fullscreen 0 Font 36/Smallcaps Map View 50x35 Zoom Use 0% Tactical HUD 0 Map Filters NONE Filters NONE Steam 1 RUN: 6af15d2c-5b30-486b-95c1-f8bfc5b6cade